[Event "ICC tourney 2770 (30 10)"]
[Site "Internet Chess Club"]
[Date "2021.12.18"]
[Round "1"]
[White "PANESAR, VEDANT:fighter098"]
[Black "MARKOVIC, GORAN:Goran21"]
[Result "1-0"]
[ICCResult "Black checkmated"]
[WhiteElo "2429"]
[BlackElo "1989"]
[Opening "Grünfeld: modern exchange variation"]
[ECO "D85"]
[NIC "GI.04"]
[Time "13:02:40"]
[PlyCount "113"]
[TimeControl "1800+10"]

1. d4 Nf6 2. c4 g6 3. Nc3 d5 4. cxd5 Nxd5 5. e4 Nxc3 6. bxc3 Bg7 7. Nf3 O-O
8. Be2 b6 9. O-O Bb7 10. Qc2 Nd7 11. Bg5 h6 12. Bh4 c5 13. d5 Nf6 14. Rad1
g5 15. Bg3 Nh5 16. Be5 f6 17. Bg3 Nxg3 18. hxg3 Rc8 19. Nd2 Qe8 20. Bg4 Rc7
21. Rfe1 Bc8 22. Bxc8 Qxc8 23. Nc4 Qa6 24. Ne3 c4 25. Nf5 b5 26. Qe2 e6 27.
dxe6 Qxe6 28. Rd6 Qe5 29. Qd2 b4 30. cxb4 c3 31. Qc2 Re8 32. Re3 Bf8 33. Rd5
Qe6 34. a3 Rec8 35. Rdd3 Qc4 36. Rxc3 Qxc3 37. Rxc3 Rxc3 38. Qa2+ Kh8 39.
Qf7 Rc1+ 40. Kh2 R1c7 41. Qxf6+ Kh7 42. Kh3 Re8 43. f3 Rd7 44. Nxh6 Rde7 45.
Nf7 Kg8 46. Nxg5 Rg7 47. f4 Ree7 48. e5 Rb7 49. Qe6+ Kh8 50. Qc8 Kg8 51. Kg4
Rb6 52. Kf3 Re7 53. Ne4 Rbb7 54. Nf6+ Kf7 55. Qc4+ Kg7 56. Qg8+ Kh6 57. Qg5#
{Black checkmated}
1-0

[Event "ICC tourney 2770 (30 10)"]
[Site "Internet Chess Club"]
[Date "2021.12.18"]
[Round "1"]
[White "Turcotte, Jonathan:JonnyTurgi"]
[Black "Nguyen, Hoa Duc:leoman"]
[Result "0-1"]
[ICCResult "White resigns"]
[WhiteElo "2000"]
[BlackElo "2465"]
[Opening "Grünfeld: exchange variation"]
[ECO "D85"]
[NIC "GI.04"]
[Time "13:04:29"]
[PlyCount "46"]
[TimeControl "1800+10"]

1. d4 Nf6 2. c4 g6 3. Nc3 d5 4. cxd5 Nxd5 5. e4 Nxc3 6. bxc3 Bg7 7. Be3 c5
8. Qd2 O-O 9. Rc1 b6 10. Nf3 Nd7 11. Bd3 Bb7 12. O-O e6 13. Bg5 Qc8 14. Rfd1
Nf6 15. Qf4 Nh5 16. Qd2 Qc7 17. h3 Rac8 18. Qe3 f6 19. Bh6 Bxh6 20. Qxh6 Qf4
21. Qxf4 Nxf4 22. e5 Bxf3 23. gxf3 cxd4 {White resigns} 0-1

[Event "ICC tourney 2770 (30 10)"]
[Site "Internet Chess Club"]
[Date "2021.12.18"]
[Round "1"]
[White "MATINIAN, NIKITA:gannikus1992"]
[Black "QUIRKE, JEFFREY L:PawnEatingZombi"]
[Result "1/2-1/2"]
[ICCResult "Game drawn by mutual agreement"]
[WhiteElo "2504"]
[BlackElo "2006"]
[Opening "Caro-Kann: two knights, 3...Bg4"]
[ECO "B11"]
[NIC "CK.01"]
[Time "13:02:39"]
[PlyCount "84"]
[TimeControl "1800+10"]

1. e4 c6 2. Nc3 d5 3. Nf3 Bg4 4. h3 Bh5 5. d3 dxe4 6. Nxe4 Nd7 7. Qe2 e6 8.
Bf4 Nc5 9. Nxc5 Qa5+ 10. c3 Qxc5 11. d4 Bxf3 12. Qxf3 Qd5 13. Qxd5 exd5 14.
b4 a6 15. Bd3 g6 16. O-O Kd7 17. a4 Bd6 18. Bxd6 Kxd6 19. g4 Nf6 20. f3 Rhe8
21. Kf2 Re7 22. Rfe1 Rxe1 23. Kxe1 h5 24. Kf2 a5 25. Kg3 b6 26. Kf4 Re8 27.
bxa5 bxa5 28. Rb1 hxg4 29. hxg4 Nd7 30. Rb7 Rb8 31. Rxb8 Nxb8 32. Kg5 Ke7
33. c4 Nd7 34. c5 Nf8 35. Kf4 Ne6+ 36. Ke3 g5 37. Bf5 Nf4 38. Bc8 Kd8 39.
Bb7 Kc7 40. Ba6 Ne6 41. Bd3 Nf4 42. Bf5 Kd8 {Game drawn by mutual agreement}
1/2-1/2

[Event "ICC tourney 2770 (30 10)"]
[Site "Internet Chess Club"]
[Date "2021.12.18"]
[Round "1"]
[White "SRIPADA, HAVISH:brilliantnessme"]
[Black "GANT, CHRISTOPHER JEFFREY:Baggie"]
[Result "1/2-1/2"]
[ICCResult "Game drawn by mutual agreement"]
[WhiteElo "1925"]
[BlackElo "2200"]
[Opening "Sicilian: accelerated fianchetto, Breyer variation"]
[ECO "B39"]
[NIC "SI.33"]
[Time "13:02:45"]
[PlyCount "81"]
[TimeControl "1800+10"]

1. e4 c5 2. Nf3 Nc6 3. d4 cxd4 4. Nxd4 g6 5. c4 Bg7 6. Be3 Nf6 7. Nc3 Ng4 8.
Qxg4 Nxd4 9. Qd1 Ne6 10. Be2 Bxc3+ 11. bxc3 O-O 12. O-O d6 13. Bf3 Qc7 14.
Qe2 Bd7 15. Rab1 Bc6 16. Rfd1 b6 17. Qc2 Rac8 18. Be2 Bb7 19. f3 Qc6 20. h4
h5 21. Bf1 Nc5 22. Bd4 e5 23. Bf2 Ne6 24. Qc1 Rfd8 25. Qa3 Ra8 26. Qb4 Nc5
27. Qb5 Rac8 28. Qxc6 Bxc6 29. Rd2 Kf8 30. Bxc5 dxc5 31. Rbd1 Ke7 32. Rxd8
Rxd8 33. Rxd8 Kxd8 34. Kf2 Ke7 35. Bd3 Bd7 36. Ke3 f6 37. Bc2 g5 38. g3 Be6
39. Bd3 Kf7 40. Be2 Ke7 41. Bd3 {Game drawn by mutual agreement} 1/2-1/2

[Event "ICC tourney 2770 (30 10)"]
[Site "Internet Chess Club"]
[Date "2021.12.18"]
[Round "1"]
[White "Belous, Vladimir:Openyagami"]
[Black "NGUYEN, TIEN:ngthanhthuytien"]
[Result "1-0"]
[ICCResult "Black forfeits on time"]
[WhiteElo "2567"]
[BlackElo "2100"]
[Opening "English opening"]
[ECO "A20"]
[NIC "EO.24"]
[Time "13:02:39"]
[PlyCount "71"]
[TimeControl "1800+10"]

1. c4 e5 2. g3 Nf6 3. Bg2 d5 4. cxd5 Nxd5 5. Nf3 Nc6 6. O-O Be7 7. d4 e4 8.
Ne5 Nxe5 9. dxe5 f5 10. exf6 Nxf6 11. Qb3 Qd6 12. Nc3 Qc6 13. Bf4 a6 14.
Rac1 Be6 15. Qc2 Bf5 16. Be5 O-O 17. Bxf6 Qxf6 18. Bxe4 c6 19. Bxf5 Qxf5 20.
Qb3+ Kh8 21. Qxb7 Bc5 22. Qxc6 Bxf2+ 23. Kg2 Rae8 24. Rcd1 Re6 25. Qb7 Rh6
26. Kh1 Rxh2+ 27. Kxh2 Bxg3+ 28. Kg2 Bf4 29. Rxf4 Qg5+ 30. Kh1 Qxf4 31. Qg2
Qh6+ 32. Qh2 Qc6+ 33. e4 h6 34. Qg3 Qe8 35. Kg2 Rf6 36. Rd6
{Black forfeits on time}
1-0

[Event "ICC tourney 2770 (30 10)"]
[Site "Internet Chess Club"]
[Date "2021.12.18"]
[Round "1"]
[White "XIE, BRYAN:largecrab"]
[Black "CRG, Krishna:crg"]
[Result "1/2-1/2"]
[ICCResult "Game drawn because neither player has mating material"]
[WhiteElo "2078"]
[BlackElo "2562"]
[Opening "Queen's pawn game"]
[ECO "A46"]
[NIC "QP.06"]
[Time "13:02:40"]
[PlyCount "197"]
[TimeControl "1800+10"]

1. d4 Nf6 2. Nf3 d6 3. Bf4 g6 4. e3 Bg7 5. Be2 O-O 6. h3 Nbd7 7. O-O Qe8 8.
Nbd2 e5 9. Bh2 Qe7 10. c3 b6 11. Ne1 Bb7 12. Bf3 d5 13. Be2 Ne8 14. dxe5
Nxe5 15. Nd3 Nd6 16. Nxe5 Bxe5 17. Bxe5 Qxe5 18. Nf3 Qe7 19. Re1 Rad8 20.
Qc2 Rfe8 21. Rad1 Qf6 22. Bd3 Re7 23. Nd2 Rde8 24. Qa4 c5 25. Kf1 d4 26.
cxd4 cxd4 27. e4 b5 28. Qb4 a6 29. Nf3 Nxe4 30. Bxe4 Bxe4 31. Qxd4 Qxd4 32.
Rxd4 Bxf3 33. Rxe7 Bxg2+ 34. Kxg2 Rxe7 35. Rd8+ Kg7 36. Ra8 Re6 37. b4 g5
38. Kg3 h5 39. h4 f6 40. hxg5 fxg5 41. f3 Kg6 42. a3 Kf5 43. Rf8+ Rf6 44.
Rc8 h4+ 45. Kg2 Rd6 46. Rf8+ Ke5 47. Re8+ Kd4 48. Rg8 Kc3 49. Rxg5 Kb3 50.
Rg4 Kxa3 51. Rxh4 Rc6 52. Kf2 Rc2+ 53. Ke3 Rc3+ 54. Ke2 Rc6 55. Kd3 Re6 56.
Re4 Rxe4 57. fxe4 Kxb4 58. Kd4 a5 59. e5 a4 60. e6 a3 61. e7 a2 62. e8=Q
a1=Q+ 63. Kd5 Qh1+ 64. Kd6 Qh6+ 65. Kc7 Qg7+ 66. Kb6 Qd4+ 67. Kb7 Qd5+ 68.
Kb6 Qd6+ 69. Kb7 Qd5+ 70. Kb6 Ka4 71. Ka6 Qd6+ 72. Kb7 Ka5 73. Qe1+ b4 74.
Qa1+ Kb5 75. Qf1+ Kc5 76. Qc1+ Kd5 77. Qd2+ Ke6 78. Qh6+ Kd7 79. Qg7+ Ke8
80. Qh8+ Kf7 81. Qh7+ Ke6 82. Qh6+ Kd5 83. Qd2+ Kc5 84. Qc2+ Kb5 85. Qe2+
Kc5 86. Qc2+ Kd4 87. Qd2+ Ke5 88. Qh2+ Ke6 89. Qh6+ Ke7 90. Qg7+ Ke8 91.
Qh8+ Qf8 92. Qd4 Qf3+ 93. Kb6 b3 94. Ka5 Qb7 95. Qb2 Kd7 96. Ka4 Kc6 97.
Qg2+ Kc7 98. Qxb7+ Kxb7 99. Kxb3
{Game drawn because neither player has mating material}
1/2-1/2

[Event "ICC tourney 2770 (30 10)"]
[Site "Internet Chess Club"]
[Date "2021.12.18"]
[Round "1"]
[White "SHEEHAN, ETHAN THOMAS:Chessking2008"]
[Black "AZAROV, SERGEI:Sergeiaza"]
[Result "0-1"]
[ICCResult "White resigns"]
[WhiteElo "2194"]
[BlackElo "2650"]
[Opening "Sicilian: Nimzovich-Rossolimo attack (without ...d6)"]
[ECO "B30"]
[NIC "SI.31"]
[Time "13:02:40"]
[PlyCount "68"]
[TimeControl "1800+10"]

1. e4 c5 2. Nf3 Nc6 3. Bb5 e6 4. Bxc6 bxc6 5. e5 f6 6. O-O fxe5 7. Nxe5 Nf6
8. d3 Be7 9. Re1 O-O 10. Nd2 Qe8 11. Ne4 d6 12. Nc4 Qd8 13. Nc3 Nd5 14. Bd2
e5 15. Qe2 Be6 16. g3 Qd7 17. f4 Bg4 18. Qg2 Nxc3 19. bxc3 exf4 20. Bxf4 Rf7
21. Qd2 Raf8 22. Rab1 Bh3 23. Qe2 g5 24. Bd2 Qf5 25. Ne3 Qf2+ 26. Qxf2 Rxf2
27. Rbd1 d5 28. Rf1 Bxf1 29. Nxf1 Re2 30. Ne3 c4 31. d4 h5 32. Bc1 Rf3 33.
Ng2 Rxc3 34. Ne1 Bf6 {White resigns} 0-1

[Event "ICC tourney 2770 (30 10)"]
[Site "Internet Chess Club"]
[Date "2021.12.18"]
[Round "1"]
[White "VAKHIDOV, JAKHONGIR:TjkTiger"]
[Black "YAN, RUIYANG:jy2020"]
[Result "1-0"]
[ICCResult "Black resigns"]
[WhiteElo "2602"]
[BlackElo "2151"]
[Opening "English: Mikenas-Carls, Flohr variation"]
[ECO "A18"]
[NIC "EO.57"]
[Time "13:02:47"]
[PlyCount "59"]
[TimeControl "1800+10"]

1. c4 Nf6 2. Nc3 e6 3. e4 d5 4. e5 d4 5. exf6 dxc3 6. bxc3 Qxf6 7. Nf3 b6 8.
d4 Bb7 9. Bg5 Qf5 10. d5 Qe4+ 11. Be3 Bd6 12. Bd3 Qg4 13. h3 Qxg2 14. Kd2 g5
15. Rg1 Qxh3 16. Nxg5 Qh2 17. Qf3 Rf8 18. Nxh7 Nd7 19. Nxf8 Nxf8 20. Rg5 Bc5
21. Bxc5 bxc5 22. Qf6 Qd6 23. dxe6 fxe6 24. Rg8 Rd8 25. Rxf8+ Qxf8 26. Qxe6+
Qe7 27. Qg6+ Kf8 28. Rg1 Qf7 29. Qh6+ Ke7 30. Rg7 {Black resigns} 1-0

[Event "ICC tourney 2770 (30 10)"]
[Site "Internet Chess Club"]
[Date "2021.12.18"]
[Round "1"]
[White "POPILSKI, GIL:kurumania"]
[Black "JOHNSON, ANDREW E:phred"]
[Result "1-0"]
[ICCResult "Black resigns"]
[WhiteElo "2514"]
[BlackElo "2012"]
[Opening "French: Tarrasch, open variation"]
[ECO "C07"]
[NIC "FR.18"]
[Time "13:03:07"]
[PlyCount "99"]
[TimeControl "1800+10"]

1. e4 e6 2. d4 d5 3. Nd2 c5 4. Ngf3 cxd4 5. Nxd4 Nf6 6. exd5 Qxd5 7. Nb5
Qe5+ 8. Qe2 Qxe2+ 9. Bxe2 Na6 10. Nc4 Nd5 11. c3 Nac7 12. Nbd6+ Bxd6 13.
Nxd6+ Ke7 14. Nxc8+ Raxc8 15. O-O e5 16. Rd1 Rcd8 17. Bf3 b6 18. Bd2 f5 19.
c4 Nf6 20. Bc3 e4 21. Be2 Ne6 22. a4 Nf4 23. Kf1 Nxe2 24. Kxe2 Rhe8 25. a5
Rxd1 26. Kxd1 Rd8+ 27. Ke2 g6 28. axb6 axb6 29. Ra7+ Ke6 30. Ra6 Nd7 31. Ke3
Rb8 32. Bd4 Kd6 33. b4 Kc6 34. Ra7 Rb7 35. Ra8 Rb8 36. Rxb8 Nxb8 37. b5+ Kc7
38. g4 fxg4 39. Kxe4 Nd7 40. Kf4 Nf8 41. Kxg4 Ne6 42. Be3 h5+ 43. Kh4 Kb7
44. f4 Ng7 45. Kg5 Nf5 46. Bg1 Nd6 47. Kxg6 Nxc4 48. f5 Kc7 49. f6 Kd7 50.
f7 {Black resigns} 1-0

[Event "ICC tourney 2770 (30 10)"]
[Site "Internet Chess Club"]
[Date "2021.12.18"]
[Round "1"]
[White "Gaw, Chloe:HarleyQueen8"]
[Black "IVANOV, ALEXANDER:marble"]
[Result "0-1"]
[ICCResult "White resigns"]
[WhiteElo "1977"]
[BlackElo "2413"]
[Opening "Modern defense"]
[ECO "A40"]
[NIC "QO.17"]
[Time "13:02:34"]
[PlyCount "88"]
[TimeControl "1800+10"]

1. d4 g6 2. c4 Bg7 3. Nc3 c5 4. d5 d6 5. e4 e6 6. f4 exd5 7. cxd5 Qh4+ 8. g3
Qe7 9. Nf3 Nh6 10. Bg2 Bxc3+ 11. bxc3 Qxe4+ 12. Qe2 Qxe2+ 13. Kxe2 O-O 14.
h3 Nd7 15. c4 Nb6 16. Nd2 Re8+ 17. Kf2 Bf5 18. Bb2 Bd3 19. Bf1 Bxf1 20.
Rhxf1 Nf5 21. Rae1 Kf8 22. g4 Nd4 23. Rxe8+ Rxe8 24. Bxd4 cxd4 25. Re1 Rc8
26. Rc1 Nxd5 27. Kf3 Nb6 28. Ke4 d5+ 29. Kxd4 dxc4 30. Ne4 Rd8+ 31. Kc5 Rd5+
32. Kb4 a5+ 33. Kc3 Rd3+ 34. Kb2 Na4+ 35. Kc2 Rxh3 36. Nd6 Rh2+ 37. Kb1 b5
38. Nxc4 bxc4 39. Rxc4 Rb2+ 40. Ka1 Rb4 41. Rc8+ Kg7 42. a3 Rxf4 43. Ra8
Rxg4 44. Rxa5 h5 {White resigns} 0-1

[Event "ICC tourney 2770 (30 10)"]
[Site "Internet Chess Club"]
[Date "2021.12.18"]
[Round "1"]
[White "HU, ALEXANDER C:ahu1015"]
[Black "HEBDEN, MARK L:mhebden"]
[Result "0-1"]
[ICCResult "White resigns"]
[WhiteElo "2009"]
[BlackElo "2505"]
[Opening "Ruy Lopez: closed, Pilnik variation"]
[ECO "C77"]
[NIC "RL.12"]
[Time "13:02:34"]
[PlyCount "76"]
[TimeControl "1800+10"]

1. e4 e5 2. Nf3 Nc6 3. Bb5 a6 4. Ba4 Nf6 5. d3 b5 6. Bb3 Be7 7. O-O d6 8. c3
O-O 9. Re1 Na5 10. Bc2 c5 11. Nbd2 Re8 12. Nf1 h6 13. h3 Bf8 14. d4 cxd4 15.
cxd4 exd4 16. Nxd4 Bb7 17. Ng3 g6 18. h4 Rc8 19. Bf4 d5 20. e5 Ne4 21. Nxe4
dxe4 22. Bg3 Nc4 23. Bxe4 Bxe4 24. Rxe4 Qd5 25. Qg4 h5 26. Qf4 Nxb2 27. e6
fxe6 28. Re5 Nd3 29. Qg5 Qxd4 30. Qxg6+ Bg7 31. Rxe6 Qxa1+ 32. Kh2 Rf8 33.
Qxd3 Qd4 34. Qa3 b4 35. Qxa6 Qc4 36. Qd6 Rfd8 37. Qb6 Bd4 38. Rg6+ Kf7
{White resigns}
0-1

[Event "ICC tourney 2770 (30 10)"]
[Site "Internet Chess Club"]
[Date "2021.12.18"]
[Round "1"]
[White "SRISHTI, PANDEY:Trisha018"]
[Black "SHAWKAT, SAIF:saif-shawkat"]
[Result "0-1"]
[ICCResult "White resigns"]
[WhiteElo "2200"]
[BlackElo "1976"]
[Opening "King's Indian: Semi-Averbakh system"]
[ECO "E73"]
[NIC "KI.27"]
[Time "13:02:35"]
[PlyCount "72"]
[TimeControl "1800+10"]

1. d4 Nf6 2. c4 g6 3. Nc3 Bg7 4. e4 d6 5. Be2 O-O 6. Be3 e5 7. d5 Na6 8. h4
Nc5 9. f3 Nh5 10. g4 Ng3 11. Rh3 Nxe2 12. Qxe2 f5 13. O-O-O fxg4 14. Bg5 Bf6
15. Bxf6 Qxf6 16. fxg4 Qf4+ 17. Re3 Bxg4 18. Qd2 Bxd1 19. Kxd1 Qxh4 20. Nf3
Qh1+ 21. Ne1 Rf4 22. Qc2 a5 23. Ne2 Rxe4 24. Ng3 Rd4+ 25. Kc1 Qg1 26. Qe2
Nd3+ 27. Rxd3 Rxd3 28. Qxd3 Qxe1+ 29. Kc2 Rf8 30. Ne4 Rf4 31. Nc3 Rf2+ 32.
Kb3 Qc1 33. Na4 Qf1 34. Qe4 Qd1+ 35. Ka3 Qd2 36. c5 Rf4 {White resigns} 0-1

[Event "ICC tourney 2770 (30 10)"]
[Site "Internet Chess Club"]
[Date "2021.12.18"]
[Round "1"]
[White "JIANG, BRANDON:BranKing"]
[Black "Volkov, Sergey:Volkov"]
[Result "1/2-1/2"]
[ICCResult "Game drawn by repetition"]
[WhiteElo "2115"]
[BlackElo "2573"]
[Opening "French: King's Indian attack"]
[ECO "C00"]
[NIC "FR.02"]
[Time "13:02:36"]
[PlyCount "117"]
[TimeControl "1800+10"]

1. e4 e6 2. d3 d5 3. Nd2 Nf6 4. Ngf3 b6 5. g3 dxe4 6. dxe4 Bb7 7. Qe2 Nc6 8.
c3 a5 9. Bg2 Ba6 10. c4 Nb4 11. O-O Qd3 12. Qxd3 Nxd3 13. e5 Nxc1 14. exf6
Ne2+ 15. Kh1 Rd8 16. Rfe1 Nd4 17. Nxd4 Rxd4 18. Bc6+ Kd8 19. Nf3 Rxc4 20.
Rad1+ Bd6 21. Ne5 gxf6 22. Nxf7+ Ke7 23. Nxd6 Rxc6 24. Nf5+ Ke8 25. Ng7+ Ke7
26. Nf5+ Ke8 27. Ng7+ Kf7 28. Rd7+ Kg6 29. Nxe6 Rxe6 30. Rxe6 Bc8 31. Ree7
Bxd7 32. Rxd7 Re8 33. Rxc7 Re2 34. b3 Rxf2 35. Rb7 Rxa2 36. Rxb6 Kf5 37. Ra6
h5 38. b4 a4 39. b5 Kg4 40. Rxf6 Kh3 41. Kg1 a3 42. Ra6 h4 43. b6 hxg3 44.
hxg3 Kxg3 45. Kf1 Kf3 46. Ke1 Ke3 47. Kd1 Kd3 48. Ke1 Ke3 49. Kf1 Kf3 50.
Ke1 Ke3 51. Kf1 Kf3 52. Ke1 Ke3 53. Kf1 Kf3 54. Ke1 Ke3 55. Kf1 Kf3 56. Ke1
Ke3 57. Kf1 Kf3 58. Ke1 Ke3 59. Kf1 {Game drawn by repetition} 1/2-1/2

[Event "ICC tourney 2770 (30 10)"]
[Site "Internet Chess Club"]
[Date "2021.12.18"]
[Round "1"]
[White "DIEP, ANDREW:hydroblade"]
[Black "YANG, KAIQI:YKQ"]
[Result "1-0"]
[ICCResult "Black forfeits on time"]
[WhiteElo "2031"]
[BlackElo "2531"]
[Opening "Dutch defense"]
[ECO "A90"]
[NIC "HD.03"]
[Time "13:02:37"]
[PlyCount "55"]
[TimeControl "1800+10"]

1. d4 e6 2. c4 f5 3. g3 Nf6 4. Bg2 d5 5. Nf3 c6 6. O-O Bd6 7. b3 Qe7 8. Qc2
O-O 9. Nbd2 Ne4 10. Ne5 Nd7 11. Ndf3 a5 12. h4 Nxe5 13. Nxe5 Bxe5 14. dxe5
b6 15. cxd5 cxd5 16. Be3 Rb8 17. Rfc1 Ba6 18. Qc7 Qe8 19. Qa7 Bxe2 20. Rc7
Qg6 21. Re1 Bh5 22. Rec1 h6 23. R1c6 Rbd8 24. Rxe6 Qg4 25. Ree7 Bf7 26. Rxf7
Rxf7 27. Rxf7 d4 28. Bg5 {Black forfeits on time} 1-0

[Event "ICC tourney 2770 (30 10)"]
[Site "Internet Chess Club"]
[Date "2021.12.18"]
[Round "2"]
[White "Nguyen, Hoa Duc:leoman"]
[Black "VAKHIDOV, JAKHONGIR:TjkTiger"]
[Result "1/2-1/2"]
[ICCResult "Game drawn by repetition"]
[WhiteElo "2465"]
[BlackElo "2602"]
[Opening "King's Indian: fianchetto, Uhlmann (Szabo) variation"]
[ECO "E62"]
[NIC "KI.72"]
[Time "15:00:34"]
[PlyCount "38"]
[TimeControl "1800+10"]

1. d4 Nf6 2. Nf3 g6 3. g3 Bg7 4. Bg2 O-O 5. O-O d6 6. c4 Nc6 7. Nc3 e5 8. d5
Nb8 9. e4 a5 10. Ne1 Na6 11. a3 Nc5 12. b3 a4 13. b4 Nb3 14. Rb1 Bd7 15. Nc2
Qc8 16. Na1 Nd4 17. Nc2 Nb3 18. Na1 Nd4 19. Nc2 Nb3 {Game drawn by
repetition} 1/2-1/2

[Event "ICC tourney 2770 (30 10)"]
[Site "Internet Chess Club"]
[Date "2021.12.18"]
[Round "2"]
[White "JOHNSON, ANDREW E:phred"]
[Black "SRISHTI, PANDEY:Trisha018"]
[Result "0-1"]
[ICCResult "White resigns"]
[WhiteElo "2012"]
[BlackElo "2200"]
[Opening "Queen's pawn game, Darooha variation "]
[ECO "D02"]
[NIC "QP.08"]
[Time "15:00:17"]
[PlyCount "44"]
[TimeControl "1800+10"]

1. d4 d5 2. Nf3 Nf6 3. g3 Bf5 4. Bg2 c6 5. O-O h6 6. Nbd2 e6 7. c4 Be7 8. b3
O-O 9. Bb2 a5 10. Re1 Nbd7 11. Ne5 a4 12. e4 dxe4 13. Nxe4 Bxe4 14. Bxe4 Bb4
15. Re3 a3 16. Nxd7 axb2 17. Nxf6+ Qxf6 18. Rb1 Rxa2 19. Rf3 Qg5 20. h4 Qd2
21. Rd3 Qxd1+ 22. Rbxd1 Ra1 {White resigns} 0-1

[Event "ICC tourney 2770 (30 10)"]
[Site "Internet Chess Club"]
[Date "2021.12.18"]
[Round "2"]
[White "SHAWKAT, SAIF:saif-shawkat"]
[Black "MATINIAN, NIKITA:gannikus1992"]
[Result "0-1"]
[ICCResult "White resigns"]
[WhiteElo "1976"]
[BlackElo "2504"]
[Opening "Sicilian: Richter-Rauzer, Larsen variation"]
[ECO "B60"]
[NIC "SI.27"]
[Time "15:00:34"]
[PlyCount "94"]
[TimeControl "1800+10"]

1. e4 c5 2. Nf3 d6 3. d4 cxd4 4. Nxd4 Nf6 5. Nc3 Nc6 6. Bg5 Bd7 7. Qd3 Rc8
8. Nxc6 Bxc6 9. O-O-O e6 10. Qg3 Qc7 11. Bxf6 gxf6 12. Bd3 h5 13. f4 h4 14.
Qh3 Qa5 15. Kb1 b5 16. f5 b4 17. Ne2 e5 18. Rhe1 Bh6 19. Qxh4 Ke7 20. Qf2
Rc7 21. h4 d5 22. Nd4 Bb7 23. Nb3 Qb6 24. Qxb6 axb6 25. exd5 Bxd5 26. Be4
Bc4 27. Nd4 exd4 28. b3 Be3 29. bxc4 Rxh4 30. Bd5 Kd6 31. g3 Rh2 32. Bxf7
Kc5 33. Be6 Ra7 34. Rd3 Bd2 35. Rg1 Bc3 36. g4 b3 37. Rxc3 bxa2+ 38. Ka1
dxc3 39. g5 fxg5 40. f6 Rxc2 41. f7 Rf2 42. Rxg5+ Kd4 43. Rg4+ Ke5 44. Rg1
Kxe6 45. f8=Q Rxf8 46. c5 b5 47. c6 Raf7 {White resigns} 0-1

[Event "ICC tourney 2770 (30 10)"]
[Site "Internet Chess Club"]
[Date "2021.12.18"]
[Round "2"]
[White "HU, ALEXANDER C:ahu1015"]
[Black "SHEEHAN, ETHAN THOMAS:Chessking2008"]
[Result "0-1"]
[ICCResult "White resigns"]
[WhiteElo "2009"]
[BlackElo "2194"]
[Opening "Caro-Kann: Tartakower (Nimzovich) variation"]
[ECO "B15"]
[NIC "CK.06"]
[Time "15:00:35"]
[PlyCount "54"]
[TimeControl "1800+10"]

1. e4 c6 2. d4 d5 3. Nd2 dxe4 4. Nxe4 Nf6 5. Nxf6+ exf6 6. c3 Bd6 7. Bd3 O-O
8. Qc2 Re8+ 9. Ne2 h6 10. O-O Qc7 11. h3 Nd7 12. Be3 b6 13. c4 c5 14. d5 Ne5
15. Be4 f5 16. Bd3 f4 17. Bxf4 Nf3+ 18. gxf3 Bxf4 19. Kg2 Qe7 20. Rae1 Qg5+
21. Ng3 Bd7 22. Rh1 Rxe1 23. Rxe1 g6 24. Rh1 Qh4 25. Bxg6 fxg6 26. Qxg6+ Kh8
27. Qf7 Rg8 {White resigns} 0-1

[Event "ICC tourney 2770 (30 10)"]
[Site "Internet Chess Club"]
[Date "2021.12.18"]
[Round "2"]
[White "CRG, Krishna:crg"]
[Black "Wan, Caleb:chess-caleb"]
[Result "1-0"]
[ICCResult "Black resigns"]
[WhiteElo "2562"]
[BlackElo "2023"]
[Opening "Queen's pawn game, Darooha variation "]
[ECO "D02"]
[NIC "QP.08"]
[Time "15:00:35"]
[PlyCount "105"]
[TimeControl "1800+10"]

1. d4 d5 2. Nf3 Nf6 3. c4 e6 4. g3 Bb4+ 5. Bd2 Be7 6. Bg2 Ne4 7. O-O f5 8.
Nc3 c6 9. Ne5 O-O 10. f3 Nd6 11. Qb3 Qb6 12. Qxb6 axb6 13. cxd5 exd5 14. e4
dxe4 15. fxe4 Nxe4 16. Nxe4 fxe4 17. Rxf8+ Bxf8 18. Bxe4 Be6 19. a3 Na6 20.
Nf3 h6 21. Re1 Nc7 22. Bf4 Nd5 23. Be5 b5 24. Kg2 b4 25. axb4 Bxb4 26. Re2
Ra1 27. h3 g5 28. Nh2 Re1 29. Rxe1 Bxe1 30. Ng4 Bxg4 31. hxg4 Kf7 32. Kf3
Ba5 33. Ke2 Bd8 34. Kd3 Bf6 35. Bxd5+ cxd5 36. Bxf6 Kxf6 37. Kc3 Kg6 38. Kb4
h5 39. gxh5+ Kxh5 40. Kc5 Kg4 41. Kxd5 Kxg3 42. Ke4 Kf2 43. d5 g4 44. d6 g3
45. d7 g2 46. d8=Q g1=Q 47. Qb6+ Kf1 48. Qxg1+ Kxg1 49. b4 Kf2 50. b5 Ke2
51. b6 Kd2 52. Kd5 Kc3 53. Kd6 {Black resigns} 1-0

[Event "ICC tourney 2770 (30 10)"]
[Site "Internet Chess Club"]
[Date "2021.12.18"]
[Round "2"]
[White "QUIRKE, JEFFREY L:PawnEatingZombi"]
[Black "JIANG, BRANDON:BranKing"]
[Result "0-1"]
[ICCResult "White resigns"]
[WhiteElo "2006"]
[BlackElo "2115"]
[Opening "Dutch with c4 & Nc3"]
[ECO "A85"]
[NIC "HD.05"]
[Time "15:00:13"]
[PlyCount "42"]
[TimeControl "1800+10"]

1. d4 f5 2. c4 Nf6 3. Nc3 e6 4. a3 Be7 5. Nf3 O-O 6. Qc2 d6 7. e4 Nc6 8.
exf5 exf5 9. Bd3 Nh5 10. Bd2 h6 11. O-O-O Bf6 12. d5 Ne5 13. Nxe5 Bxe5 14.
g3 f4 15. Rde1 Bh3 16. Bg6 Qg5 17. Rhg1 Bxc3 18. bxc3 Bg4 19. h3 Bxh3 20.
gxf4 Qh4 21. Re7 Qxe7 {White resigns} 0-1

[Event "ICC tourney 2770 (30 10)"]
[Site "Internet Chess Club"]
[Date "2021.12.18"]
[Round "2"]
[White "FILIPOVICH, DAVID MICHAEL:dmfcan"]
[Black "POPILSKI, GIL:kurumania"]
[Result "0-1"]
[ICCResult "White resigns"]
[WhiteElo "2050"]
[BlackElo "2514"]
[Opening "QGD: Tarrasch, Prague variation, Normal position"]
[ECO "A05"]
[NIC "TD.04"]
[Time "15:00:34"]
[PlyCount "52"]
[TimeControl "1800+10"]

1. Nf3 Nf6 2. g3 e6 3. Bg2 c5 4. O-O Nc6 5. c4 d5 6. d4 Be7 7. Nc3 O-O 8.
cxd5 exd5 9. b3 b6 10. Bb2 Bb7 11. Rc1 Ne4 12. dxc5 Nxc3 13. Bxc3 bxc5 14.
e3 Qb6 15. Ne5 Nxe5 16. Bxe5 Rfd8 17. Qg4 Bf8 18. Rfd1 a5 19. Rc2 Qe6 20.
Qf4 a4 21. bxa4 Bc6 22. a5 Rxa5 23. Bc7 Ra4 24. Qe5 Rc8 25. Bxd5 Bxd5 26.
Rxd5 Rxc7 {White resigns} 0-1

[Event "ICC tourney 2770 (30 10)"]
[Site "Internet Chess Club"]
[Date "2021.12.18"]
[Round "2"]
[White "Volkov, Sergey:Volkov"]
[Black "XIE, BRYAN:largecrab"]
[Result "1-0"]
[ICCResult "Black checkmated"]
[WhiteElo "2573"]
[BlackElo "2078"]
[Opening "Nimzo-Indian: Kmoch variation"]
[ECO "E20"]
[NIC "NI.30"]
[Time "15:00:14"]
[PlyCount "71"]
[TimeControl "1800+10"]

1. d4 Nf6 2. c4 e6 3. Nc3 Bb4 4. f3 c5 5. d5 b5 6. e4 d6 7. Ne2 bxc4 8. Nf4
e5 9. Ne2 h5 10. h4 Nbd7 11. Ng3 Nb6 12. Bg5 Bd7 13. a4 a5 14. Be2 Qe7 15.
O-O Qf8 16. Bxf6 gxf6 17. f4 Qh6 18. Nxh5 Ke7 19. Kh2 Rag8 20. g3 Qg6 21. f5
Qh6 22. Qc2 Bxc3 23. bxc3 Bxa4 24. Qb2 Bb3 25. Rxa5 Ra8 26. Rfa1 Rxa5 27.
Rxa5 Qe3 28. Ra7+ Nd7 29. Bg4 Qe1 30. Nxf6 Kxf6 31. Rxd7 Qxe4 32. Qe2 Qxd5
33. Qe3 Rg8 34. Qh6+ Rg6 35. Qh8+ Rg7 36. Qd8# {Black checkmated} 1-0